 Dungeon Crawl Stone Soup version 0.28-a0-1184-g53156a8862 (webtiles) character file.

Game seed: 16334338433646917890

40 Crownlay the Digger (level 3, 0/19 HPs)
             Began as a Gargoyle Earth Elementalist on Dec 17, 2021.
             Slain by a hobgoblin (3 damage)
             ... on level 2 of the Dungeon.
             The game lasted 00:01:43 (1020 turns).

Crownlay the Digger (Gargoyle Earth Elementalist)   Turns: 1020, Time: 00:01:43

Health: 0/19       AC:  5    Str: 11    XL:     3   Next: 50%
Magic:  7/7        EV: 11    Int: 17    God:
Gold:   81         SH:  0    Dex: 10    Spells: 4/8 levels left

rFire   . . .      SeeInvis .   a - +0 dagger (venom)
rCold   . . .      Faith    .   (no shield)
rNeg    + . .      Spirit   .   b - +0 robe
rPois   ∞          Reflect  .   (no helmet)
rElec   +          Harm     .   (no cloak)
rCorr   .          Rampage  .   (no gloves)
Will    .....                   (no boots)
Stlth   ++........              (no amulet)
HPRegen 0.06/turn               (no ring)
MPRegen 0.10/turn               (no ring)

@: no status effects
A: sickness immunity, AC +3, negative energy resistance 1, electricity
resistance, torment resistance 1, petrification resistance
a: no special abilities


You were on level 2 of the Dungeon.
You visited 1 branch of the dungeon, and saw 2 of its levels.

You collected 81 gold pieces.

Inventory:

Hand Weapons
 a - a +0 dagger of venom (weapon)
 d - a +0 mace
Missiles
 c - 38 stones
Armour
 b - a +0 robe (worn)
Scrolls
 e - a scroll of vulnerability {unknown}
 f - a scroll of teleportation {unknown}
 g - a scroll of brand weapon {unknown}


   Skills:
 - Level 1.5 Dodging
 - Level 2.1 Stealth
 * Level 3.1 Spellcasting
 - Level 0.7 Transmutations
 + Level 4.2 Earth Magic


You had 4 spell levels left.
You knew the following spells:

 Your Spells              Type           Power      Damage    Failure   Level
a - Sandblast             Erth           34%        2d9       3%          1
b - Stone Arrow           Conj/Erth      18%        3d8       22%         3

Your spell library contained the following spells:

 Spells                   Type           Power      Damage    Failure   Level
 Passwall                 Tmut/Erth      9%         N/A       10%         2
 Animate Skeleton         Necr           4%         N/A       17%         1
 Foxfire                  Conj/Fire      8%         2x1d4     17%         1
 Pain                     Necr           8%         1d4       17%         1
 Call Canine Familiar     Summ           2%         N/A       45%         3
 Portal Projectile        Hex/Tloc       4%         N/A       45%         3
 Vampiric Draining        Necr           2%         2d6       45%         3
 Petrify                  Tmut/Erth      11%        N/A       52%         4
 Leda's Liquefaction      Hex/Erth       4%         N/A       58%         4


Dungeon Overview and Level Annotations

Branches:
Dungeon (2/15)

Altars:

Annotations:
D:2 Sigmund


Innate Abilities, Weirdness & Mutations

You are immune to sickness and miasma.
Your stone body is resilient. (AC +3)
You are immune to poison.
You resist negative energy. (rN+)
You are resistant to electric shocks. (rElec)
You are resistant to unholy torment.
You are immune to petrification.


Message History

The adder is lightly wounded.
The adder misses you. The adder bites you.
You closely miss the adder.
The adder is moderately wounded.
The adder bites you.
You hit the adder but do no damage.
The adder looks as sick as possible!
The adder is moderately wounded.
The adder barely misses you.
You barely miss the adder.
The adder is heavily wounded.
The adder misses you. The adder bites you but does no damage.
The blast of sand hits the adder.
You kill the adder!
A hobgoblin comes into view.
A goblin, a hobgoblin and Sigmund come into view.
The hobgoblin moves out of view.
You closely miss the hobgoblin. The hobgoblin closely misses you.
Sigmund points at you and mumbles some strange words.
The magic dart hits you!
You barely miss the hobgoblin.
The goblin shouts!
The hobgoblin hits you but does no damage.
You barely miss the hobgoblin.
The hobgoblin shouts!
The hobgoblin misses you.
You hit the hobgoblin.
The hobgoblin is heavily wounded.
Sigmund screams, "Don't try to resist!"
The hobgoblin closely misses you.
You hit the hobgoblin.
The hobgoblin is almost dead.
The hobgoblin misses you.
You barely miss the hobgoblin.
The hobgoblin is almost dead.
Sigmund points at you and mumbles some strange words.
The puff of flame hits you!
Ouch! That really hurt!
* * * LOW HITPOINT WARNING * * *
The hobgoblin barely misses you. The hobgoblin hits you.
You die...

..... .## ....
...#######...#
.............#
#...........##
#........@... .
#.........#....
#......@g......
...#......#g......
............#g....
.......###.###.......
..... ##.# .#.....
.....# ##..# #.......
#....... #..###..#.....
.#.......##.##.........
.........#.......# ##


You could see Sigmund, 2 hobgoblins and a goblin.

Vanquished Creatures
  2 adders (D:2)
  2 bats (D:1)
  2 endoplasms (D:1)
  3 jackals (D:1)
  A quokka (D:1)
  2 frilled lizards (D:1)
  6 goblins
  2 kobolds (D:1)
  A rat (D:1)
21 creatures vanquished.

Vanquished Creatures (others)
  2 plants (D:1)
2 creatures vanquished.

Grand Total: 23 creatures vanquished

Notes
Turn   | Place    | Note
-------+----------+-------------------------------------------
     0 | D:1      | Crownlay the Gargoyle Earth Elementalist began the quest
                  | for the Orb.
     0 | D:1      | Reached XP level 1. HP: 10/10 MP: 3/3
   174 | D:1      | Reached XP level 2. HP: 9/15 MP: 5/5
   290 | D:1      | Found a faded altar of an unknown god.
   326 | D:1      | Got Plato's Guide on the Volcanoes
   496 | D:1      | Reached skill level 4 in Earth Magic
   841 | D:2      | Reached XP level 3. HP: 16/19 MP: 1/7
   845 | D:2      | Learned a level 3 spell: Stone Arrow
  1013 | D:2      | Noticed Sigmund
  1020 | D:2      | Slain by a hobgoblin

Illustrated notes

Levels and vault maps discovered:
D:1:      roderic_dead_forest, layout_rooms, shapermc_ecumenical_altar_rom_forum
D:2:      layout_rooms, minmay_goblin_outpost, uniq_sigmund, uniq_jessica

Skill      XL: |  1  2 |
---------------+-------+-----
Earth Magic    | 4 |  4.2
Spellcasting   | 3 |  3.1
Dodging        | |  1.5
Stealth        | |  2.1
Transmutations | |  0.7

Action                   || total
-------------------------++-------
Melee: Unarmed           ||     7
       Club              ||     4
       Mace              ||    10
       Dagger            ||    25
 Cast: Sandblast         ||    18
Armor: Robe              ||    14
Dodge: Dodged            ||    34

Table legend: (Time is in decaauts)
 A = Elapsed time spent in this place.
 B = Non-inter-level travel time spent in this place.
 C = Inter-level travel time spent in this place.
 D = Time resting spent in this place.
 E = Time spent auto-exploring this place.
 F = Levels seen in this place.
 G = Mean time per level.
                   A        B        C        D        E       F      G
               +--------+--------+--------+--------+--------+-----+--------+
         Total |   1023 |    998 |     25 |      0 |    833 |   2 |  511.5 |
       Dungeon |   1023 |    998 |     25 |      0 |    833 |   2 |  511.5 |
               +--------+--------+--------+--------+--------+-----+--------+

Top non-repeatable levels by time:
     D:1: 825 daAuts
     D:2: 197 daAuts
